 Dungeon Crawl Stone Soup version 0.28-a0-1002-gf00fe891ef (webtiles) character file.

Game seed: 546445782098271113

35 Umoon the Ducker (level 3, 0/28 HPs)
             Began as a Demonspawn Gladiator on Dec 6, 2021.
             Slain by a gnoll (8 damage)
             ... on level 2 of the Dungeon.
             The game lasted 00:01:23 (1448 turns).

Umoon the Ducker (Demonspawn Gladiator)             Turns: 1448, Time: 00:01:23

Health: 0/28       AC:  4    Str: 16    XL:     3   Next: 17%
Magic:  3/3        EV: 12    Int:  9    God:
Gold:   38         SH:  0    Dex: 14    Spells: 2/2 levels left

rFire   . . .      SeeInvis .     - Unarmed
rCold   . . .      Faith    .   (no shield)
rNeg    . . .      Spirit   .   a - +0 leather armour
rPois   +          Reflect  .   b - +0 helmet
rElec   .          Harm     .   (no cloak)
rCorr   .          Rampage  .   (no gloves)
Will    .....                   (no boots)
Stlth   +.........              (no amulet)
HPRegen 0.09/turn               f - ring of poison resistance
MPRegen 0.08/turn               (no ring)

@: no status effects
A: powered by death 1
a: no special abilities


You were on level 2 of the Dungeon.
You visited 1 branch of the dungeon, and saw 2 of its levels.

You collected 38 gold pieces.

Inventory:

Missiles
 c - 3 throwing nets (quivered)
Armour
 a - a +0 leather armour (worn)
 b - a +0 helmet (worn)
Jewellery
 f - a ring of poison resistance (left hand)
Scrolls
 d - a scroll of noise {unknown}
 g - a scroll of immolation {unknown}
Potions
 e - a potion of curing {unknown}
 h - a potion of lignification {unknown}


   Skills:
 + Level 2.5 Fighting
 - Level 1.7 Throwing
 + Level 1.1 Armour
 + Level 3.0 Dodging
 + Level 3.0 Unarmed Combat


You had 2 spell levels left.
You didn't know any spells.
Your spell library was empty.

Dungeon Overview and Level Annotations

Branches:
Dungeon (2/15)

Altars:


Innate Abilities, Weirdness & Mutations

You regenerate a little health from kills.


Message History

The endoplasm freezes you.
You are frozen.
You barely miss the endoplasm.
The endoplasm is almost dead.
You hit the endoplasm but do no damage.
The endoplasm is almost dead.
The endoplasm freezes you.
You are frozen.
You hit the endoplasm.
You kill the endoplasm!
You miss the quokka. The quokka misses you.
You hit the quokka.
The quokka is severely wounded.
The quokka bites you.
You hit the quokka.
You kill the quokka!
You hit the rat but do no damage. The rat bites you but does no damage.
You hit the rat.
You kill the rat!
You closely miss the rat. The rat misses you.
You barely miss the rat. The rat misses you.
You hit the rat.
You kill the rat!
You see here a quokka corpse.
The gnoll shouts!
You hear a shout!
A gnoll comes into view. It is wielding a +0 spear.
You see here a quokka corpse.
The gnoll hits you with a +0 flail.
You hit the gnoll but do no damage.
A rat comes into view.
The gnoll hits you with a +0 flail!
You hit the gnoll but do no damage. The gnoll hits you with a +0 flail!
* * * LOW HITPOINT WARNING * * *
You hit the gnoll.
The gnoll is moderately wounded.
The gnoll closely misses you.
You hit the gnoll.
The gnoll is severely wounded.
The gnoll hits you with a +0 flail!
You die...

#...# . . #..<#
... . #...# #...
#. #..)# .....
#.## #...###.....
#...###
###.........
#...# ##..##....
###..#####....# #
##.....g@...##.#
###...r########
.# ...####....###
.# .....$.......#
.
.........###.g..g
. .....#####
##### ..##. . #


You could see a gnoll and a rat.

Vanquished Creatures
  A ball python (D:1)
  4 endoplasms
  2 giant cockroaches
  A goblin (D:1)
  4 hobgoblins
  3 kobolds
  5 quokkas
  4 bats
  2 frilled lizards (D:1)
  5 rats
31 creatures vanquished.

Notes
Turn   | Place    | Note
-------+----------+-------------------------------------------
     0 | D:1      | Umoon the Demonspawn Gladiator began the quest for the Orb.
     0 | D:1      | Reached XP level 1. HP: 16/16 MP: 1/1
   395 | D:1      | Gained mutation: You regenerate a little health from kills.
                  | [demonic ancestry]
   395 | D:1      | Reached XP level 2. HP: 18/22 MP: 2/2
  1234 | D:1      | Reached skill level 1 in Armour
  1393 | D:2      | Reached XP level 3. HP: 28/28 MP: 3/3
  1448 | D:2      | Slain by a gnoll

Illustrated notes

Levels and vault maps discovered:
D:1:      dpeg_arrival_line_fractal, layout_basic, serial_glass,
          glass_columns_a, glass_columns_a, minmay_strange_pillars,
          feat_on_display, due_unseen_surprise, minmay_strange_pillars
D:2:      layout_rooms, dreamdust_ecumenical_altar_hidden_monk_grotto

Skill      XL: |  1  2 |
---------------+-------+-----
Armour         | 1 |  1.1
Dodging        | 3 |  3.0
Unarmed Combat | 3 |  3.0
Fighting       | |  2.5
Throwing       | |  1.7

Action                   || total
-------------------------++-------
Melee: Unarmed           ||   131
       Punch             ||     2
Armor: Leather armour    ||    33
Dodge: Dodged            ||    90

Table legend: (Time is in decaauts)
 A = Elapsed time spent in this place.
 B = Non-inter-level travel time spent in this place.
 C = Inter-level travel time spent in this place.
 D = Time resting spent in this place.
 E = Time spent auto-exploring this place.
 F = Levels seen in this place.
 G = Mean time per level.
                   A        B        C        D        E       F      G
               +--------+--------+--------+--------+--------+-----+--------+
         Total |   1440 |   1382 |     58 |    377 |    715 |   2 |  720.0 |
       Dungeon |   1440 |   1382 |     58 |    377 |    715 |   2 |  720.0 |
               +--------+--------+--------+--------+--------+-----+--------+

Top non-repeatable levels by time:
     D:1: 1330 daAuts
     D:2: 110 daAuts
